PAAA
BAKERSFIELD NOBLES @ NAPERVILLE BATTLEKINGS
09/13/2020
 
TOP OF THE 1ST
Bakersfield Nobles batting - Pitching for Naperville Battlekings : RHP Eric Newell
Pitching: RHP Eric Newell
Batting: RHB Miguel Márquez 0-0: Ground out 6-3 (Groundball, 6M)
Batting: SHB Jon Jenkins 0-0: Called Strike
0-1: Foul Ball, location: 2F
0-2: SINGLE (Groundball, 6MD)
Batting: RHB Jorge Gonzáles 0-0: Ball
1-0: Ball
2-0: Called Strike
2-1: Foul Ball, location: 2F
2-2: Grounds into double play, 3-6-3 (Groundball, 34)
Top of the 1st over - 0 run(s), 1 hit(s), 0 error(s), 0 left on base; Bakersfield 0 - Naperville 0
BOTTOM OF THE 1ST
Naperville Battlekings batting - Pitching for Bakersfield Nobles : RHP Nate Rogers
Pitching: RHP Nate Rogers
Batting: RHB Carlos Gómez 0-0: Swinging Strike
0-1: Ball
1-1: Swinging Strike
1-2: Ball
2-2: Strikes out swinging
Batting: RHB Joe Ferneyhough 0-0: Fly out, F7 (Line Drive, 7S)
Batting: LHB Vicente Martínez 0-0: Ground out U3 (Groundball, 3L)
Bottom of the 1st over - 0 run(s), 0 hit(s), 0 error(s), 0 left on base; Bakersfield 0 - Naperville 0
TOP OF THE 2ND
Bakersfield Nobles batting - Pitching for Naperville Battlekings : RHP Eric Newell
Batting: RHB Bob Heller 0-0: Ball
1-0: Ball
2-0: Swinging Strike
2-1: Foul Ball, location: 2F
2-2: Ball
3-2: Ground out 6-3 (Groundball, 6)
Batting: RHB Tamasaburo Kato 0-0: Ball
1-0: Foul Ball, location: 2F
1-1: Ball
2-1: SINGLE (Popup, 9S)
Batting: LHB Emery Miller 0-0: Ball
1-0: Called Strike
1-1: Fielders Choice at 2nd, 3-6 (Groundball, 3)
Batting: RHB Lawrence Olsen 0-0: Ball
1-0: Called Strike
1-1: Ball
2-1: Foul Ball, location: 2F
2-2: Ball
3-2: Base on Balls
Emery Miller to second
Batting: LHB Bartolo Benítez 0-0: Fly out, F2 (Popup, 2LF)
Top of the 2nd over - 0 run(s), 1 hit(s), 0 error(s), 2 left on base; Bakersfield 0 - Naperville 0
BOTTOM OF THE 2ND
Naperville Battlekings batting - Pitching for Bakersfield Nobles : RHP Nate Rogers
Batting: LHB Jack Mason 0-0: Ball
1-0: Swinging Strike
1-1: Foul Ball, location: 2F
1-2: Ball
2-2: Ball
3-2: SINGLE (Groundball, 3D)
Batting: RHB Tony Sánchez 0-0: Ball
1-0: Called Strike
Jack Mason is caught stealing 2nd base
1-1: Ground out 6-3 (Groundball, 6M)
Batting: SHB Avery Little 0-0: Foul Ball, location: 2F
0-1: Ball
1-1: Foul Ball, location: 2F
1-2: Strikes out swinging
Bottom of the 2nd over - 0 run(s), 1 hit(s), 0 error(s), 0 left on base; Bakersfield 0 - Naperville 0
TOP OF THE 3RD
Bakersfield Nobles batting - Pitching for Naperville Battlekings : RHP Eric Newell
Batting: RHB Bobby Christopher 0-0: Ball
1-0: Called Strike
1-1: Ball
2-1: Ground out 1-3 (Groundball, 13S)
Batting: RHB Miguel Márquez 0-0: Called Strike
0-1: Foul Ball, location: 2F
0-2: Foul Ball, location: 2F
0-2: Ball
1-2: Strikes out looking
Batting: SHB Jon Jenkins 0-0: Ball
1-0: Foul Ball, location: 2F
1-1: Foul Ball, location: 2F
1-2: Strikes out swinging
Top of the 3rd over - 0 run(s), 0 hit(s), 0 error(s), 0 left on base; Bakersfield 0 - Naperville 0
BOTTOM OF THE 3RD
Naperville Battlekings batting - Pitching for Bakersfield Nobles : RHP Nate Rogers
Batting: RHB Kevin Tyler 0-0: Called Strike
0-1: Foul Ball, location: 2F
0-2: Ground out 5-3 (Groundball, 56S)
Batting: LHB Mal Cobb 0-0: Called Strike
0-1: Called Strike
0-2: Ball
1-2: Ball
2-2: Ball
3-2: Fly out, F7 (Flyball, 7M)
Batting: RHB Otso Tuulari 0-0: Ball
1-0: Fly out, F4 (Popup, 34D)
Bottom of the 3rd over - 0 run(s), 0 hit(s), 0 error(s), 0 left on base; Bakersfield 0 - Naperville 0
TOP OF THE 4TH
Bakersfield Nobles batting - Pitching for Naperville Battlekings : RHP Eric Newell
Batting: RHB Jorge Gonzáles 0-0: Ball
1-0: SINGLE (Line Drive, 89S)
Batting: RHB Bob Heller 0-0: Ball
1-0: Called Strike
1-1: Ball
2-1: Ball
3-1: Grounds into double play, 6-4-3 (Groundball, 6M)
Batting: RHB Tamasaburo Kato 0-0: Called Strike
0-1: Ball
1-1: Fly out, F1 (Popup, 13)
Top of the 4th over - 0 run(s), 1 hit(s), 0 error(s), 0 left on base; Bakersfield 0 - Naperville 0
BOTTOM OF THE 4TH
Naperville Battlekings batting - Pitching for Bakersfield Nobles : RHP Nate Rogers
Batting: RHB Carlos Gómez 0-0: Ball
1-0: Fly out, F3 (Popup, 3SF)
Batting: RHB Joe Ferneyhough 0-0: Ground out 5-3 (Groundball, 56)
Batting: LHB Vicente Martínez 0-0: Ball
1-0: Called Strike
1-1: Swinging Strike
1-2: Fly out, F9 (Flyball, 89XD)
Bottom of the 4th over - 0 run(s), 0 hit(s), 0 error(s), 0 left on base; Bakersfield 0 - Naperville 0
TOP OF THE 5TH
Bakersfield Nobles batting - Pitching for Naperville Battlekings : RHP Eric Newell
Batting: LHB Emery Miller 0-0: Ball
1-0: Swinging Strike
1-1: Ground out U3 (Groundball, 3)
Batting: RHB Lawrence Olsen 0-0: Ball
1-0: SINGLE (Line Drive, 6MD)
Batting: LHB Bartolo Benítez 0-0: Ball
1-0: Foul Ball, location: 2F
1-1: SINGLE (Groundball, 6MD)
Lawrence Olsen to second
Batting: RHB Bobby Christopher 0-0: Fielders Choice at 2nd, 4-6 (Groundball, 34)
Lawrence Olsen to third
Batting: RHB Miguel Márquez 0-0: Ball
1-0: Called Strike
1-1: Foul Ball, location: 2F
1-2: Foul Ball, location: 2F
1-2: Ball
2-2: Strikes out looking
Top of the 5th over - 0 run(s), 2 hit(s), 0 error(s), 2 left on base; Bakersfield 0 - Naperville 0
BOTTOM OF THE 5TH
Naperville Battlekings batting - Pitching for Bakersfield Nobles : RHP Nate Rogers
Batting: LHB Jack Mason 0-0: Called Strike
0-1: Ball
1-1: Swinging Strike
1-2: Strikes out looking
Batting: RHB Tony Sánchez 0-0: Ball
1-0: Foul Ball, location: 2F
1-1: Called Strike
1-2: Foul Ball, location: 2F
1-2: Ball
2-2: Ball
3-2: Fly out, F7 (Flyball, 7M)
Batting: SHB Avery Little 0-0: Ball
1-0: Fly out, F4 (Line Drive, 4)
Bottom of the 5th over - 0 run(s), 0 hit(s), 0 error(s), 0 left on base; Bakersfield 0 - Naperville 0
TOP OF THE 6TH
Bakersfield Nobles batting - Pitching for Naperville Battlekings : RHP Eric Newell
Batting: SHB Jon Jenkins 0-0: Ball
1-0: Foul Ball, location: 2F
1-1: Ball
2-1: Foul Ball, location: 2F
2-2: Ball
3-2: Fly out, F7 (Flyball, 7M)
Batting: RHB Jorge Gonzáles 0-0: Ball
1-0: Called Strike
1-1: Swinging Strike
1-2: Foul Ball, location: 2F
1-2: Ball
2-2: Ball
3-2: Base on Balls
Batting: RHB Bob Heller 0-0: Called Strike
0-1: Called Strike
0-2: Foul Ball, location: 2F
0-2: Strikes out swinging
Batting: RHB Tamasaburo Kato 0-0: Ball
1-0: Ball
2-0: Ball
3-0: Base on Balls
Jorge Gonzáles to second
Batting: LHB Emery Miller 0-0: Ball
1-0: Swinging Strike
1-1: Swinging Strike
1-2: Strikes out looking
Top of the 6th over - 0 run(s), 0 hit(s), 0 error(s), 2 left on base; Bakersfield 0 - Naperville 0
BOTTOM OF THE 6TH
Naperville Battlekings batting - Pitching for Bakersfield Nobles : RHP Nate Rogers
Batting: RHB Kevin Tyler 0-0: Ground out 4-3 (Groundball, 34)
Batting: LHB Mal Cobb 0-0: Ball
1-0: Ball
2-0: Called Strike
2-1: Foul Ball, location: 2F
2-2: Foul Ball, location: 2F
2-2: Ball
3-2: Strikes out swinging
Batting: RHB Otso Tuulari 0-0: Ball
1-0: Ball
2-0: Called Strike
2-1: Called Strike
2-2: Strikes out swinging
Bottom of the 6th over - 0 run(s), 0 hit(s), 0 error(s), 0 left on base; Bakersfield 0 - Naperville 0
TOP OF THE 7TH
Bakersfield Nobles batting - Pitching for Naperville Battlekings : RHP Eric Newell
Batting: RHB Lawrence Olsen 0-0: Ball
1-0: Called Strike
1-1: Called Strike
1-2: Strikes out swinging
Batting: LHB Bartolo Benítez 0-0: Ball
1-0: Foul Ball, location: 2F
1-1: Ball
2-1: Foul Ball, location: 2F
2-2: Ball
3-2: SOLO HOME RUN (Flyball, 8LXD), Distance : 433 ft
Batting: RHB Bobby Christopher 0-0: Fly out, F4 (Popup, 4D)
Batting: RHB Miguel Márquez 0-0: DOUBLE (Line Drive, 7M)
Pinch Hitting: LHB Jeff Lee 0-0: Ball
1-0: SINGLE (Line Drive, 34)
Miguel Márquez to third
Runner from 3rd tries for Home, SAFE, no throw or cutoff
Batting: RHB Jorge Gonzáles 0-0: Called Strike
0-1: Called Strike
0-2: Ball
1-2: SINGLE (Groundball, 6D)
Jeff Lee to second
Batting: RHB Bob Heller 0-0: Foul Ball, location: 2F
0-1: Ball
1-1: Ball
2-1: SINGLE (Flyball, 9LS)
Jeff Lee to third
Jorge Gonzáles to second
Runner from 3rd tries for Home, SAFE, no throw or cutoff
Pitching: RHP Waylon Anderson
Batting: RHB Tamasaburo Kato 0-0: Ball
1-0: Ball
2-0: Ball
3-0: Called Strike
3-1: DOUBLE (Groundball, 5L)
Jorge Gonzáles scores
Bob Heller to third
Batting: LHB Emery Miller 0-0: Ball
1-0: Called Strike
1-1: Foul Ball, location: 2F
1-2: Ball
2-2: Fly out, F7 (Flyball, 7LMF)
Top of the 7th over - 4 run(s), 6 hit(s), 0 error(s), 2 left on base; Bakersfield 4 - Naperville 0
BOTTOM OF THE 7TH
Naperville Battlekings batting - Pitching for Bakersfield Nobles : RHP Nate Rogers
Now in CF: Jeff Lee
Batting: RHB Carlos Gómez 0-0: Ball
1-0: Ball
2-0: Ball
3-0: Base on Balls
Batting: RHB Joe Ferneyhough 0-0: Ball
Wild Pitch!
Carlos Gómez to second
1-0: Foul Ball, location: 2F
1-1: Foul Ball, location: 2F
1-2: Foul Ball, location: 2F
1-2: Fly out, F9 (Flyball, 9M)
Throwing error, E9
Carlos Gómez scores
Batting: LHB Vicente Martínez 0-0: Foul Ball, location: 2F
0-1: Foul Ball, location: 2F
0-2: Ground out 4-3 (Groundball, 4)
Batting: LHB Jack Mason 0-0: Ball
1-0: Foul Ball, location: 2F
1-1: Fly out, F8 (Flyball, 8LD)
Bottom of the 7th over - 1 run(s), 0 hit(s), 1 error(s), 0 left on base; Bakersfield 4 - Naperville 1
TOP OF THE 8TH
Bakersfield Nobles batting - Pitching for Naperville Battlekings : RHP Waylon Anderson
Batting: RHB Lawrence Olsen 0-0: Called Strike
0-1: Ball
1-1: Foul Ball, location: 2F
1-2: Ground out 4-3 (Groundball, 4)
Batting: LHB Bartolo Benítez 0-0: Ball
1-0: Fly out, F3 (Popup, 3S)
Batting: RHB Bobby Christopher 0-0: Ball
1-0: Foul Ball, location: 2F
1-1: Ball
2-1: SOLO HOME RUN (Flyball, 78XD), Distance : 424 ft
Batting: RHB Miguel Márquez 0-0: Called Strike
0-1: Ground out 5-3 (Groundball, 5)
Top of the 8th over - 1 run(s), 1 hit(s), 0 error(s), 0 left on base; Bakersfield 5 - Naperville 1
BOTTOM OF THE 8TH
Naperville Battlekings batting - Pitching for Bakersfield Nobles : RHP Nate Rogers
Batting: RHB Tony Sánchez 0-0: Ball
1-0: Called Strike
1-1: Swinging Strike
1-2: Foul Ball, location: 2F
1-2: Ball
2-2: Foul Ball, location: 2F
2-2: Ball
3-2: Foul Ball, location: 2F
3-2: Foul Ball, location: 2F
3-2: Strikes out looking
Batting: SHB Avery Little 0-0: Swinging Strike
0-1: Ball
1-1: Foul Ball, location: 2F
1-2: Ball
2-2: Strikes out swinging
Batting: RHB Kevin Tyler 0-0: Swinging Strike
0-1: Ball
1-1: Ground out 6-3 (Groundball, 6)
Bottom of the 8th over - 0 run(s), 0 hit(s), 0 error(s), 0 left on base; Bakersfield 5 - Naperville 1
TOP OF THE 9TH
Bakersfield Nobles batting - Pitching for Naperville Battlekings : RHP Waylon Anderson
Batting: LHB Jeff Lee 0-0: Called Strike
0-1: Ball
1-1: Ground out 1-3 (Groundball, 13S)
Batting: RHB Jorge Gonzáles 0-0: Called Strike
0-1: Fly out, F8 (Flyball, 8LD)
Batting: RHB Bob Heller 0-0: Ball
1-0: Ball
2-0: Ball
3-0: Called Strike
3-1: Foul Ball, location: 2F
3-2: Base on Balls
Batting: RHB Tamasaburo Kato 0-0: Ball
1-0: Called Strike
1-1: Ball
Wild Pitch!
Bob Heller to second
2-1: Called Strike
2-2: DOUBLE (Line Drive, 5L)
Bob Heller scores
Pitching: LHP Dusty Muhidini
Batting: LHB Emery Miller 0-0: Ball
1-0: Foul Ball, location: 2F
1-1: Ball
2-1: Ball
3-1: Swinging Strike
3-2: Ground out 1-3 (Groundball, 15)
Top of the 9th over - 1 run(s), 1 hit(s), 0 error(s), 1 left on base; Bakersfield 6 - Naperville 1
BOTTOM OF THE 9TH
Naperville Battlekings batting - Pitching for Bakersfield Nobles : RHP Nate Rogers
Pitching: RHP Jim Unknown
Batting: LHB Mal Cobb 0-0: Called Strike
0-1: Ball
1-1: Fly out, F6 (Popup, 6MD)
Batting: RHB Otso Tuulari 0-0: Ball
1-0: Foul Ball, location: 2F
1-1: DOUBLE (Line Drive, 5D)
Batting: RHB Carlos Gómez 0-0: Ground out 5-3 (Groundball, 5)
Batting: RHB Joe Ferneyhough 0-0: Foul Ball, location: 2F
0-1: Ball
1-1: Foul Ball, location: 2F
1-2: Ball
2-2: Strikes out swinging
Bottom of the 9th over - 0 run(s), 1 hit(s), 0 error(s), 1 left on base; Bakersfield 6 - Naperville 1
This league is powered by Out of the Park Baseball, the baseball management simulation game for PC, Mac and Linux
Friday, October 23rd, 2015 - OOTP Baseball 16.9 Build 39